 Dungeon Crawl Stone Soup version 0.31.0-32-g396128a36d (webtiles) character file.

Game seed: 3656839748288097078

559732 TacoSundae the Acrobat (level 26, -1/238 HPs)
             Began as a Tengu Fighter on Apr 7, 2024.
             Was the Champion of Hepliaklqana.
             Slain by a quicksilver dragon (10 damage)
             ... on level 1 of the Realm of Zot on Apr 8, 2024.
             The game lasted 04:47:05 (48426 turns).

TacoSundae the Acrobat (Tengu Fighter)             Turns: 48426, Time: 04:47:07

Health: -1/238     AC: 37    Str: 20    XL:     26   Next: 27%
Magic:  29/29      EV: 24    Int: 16    God:    Hepliaklqana [******]
Gold:   8407       SH: 15    Dex: 33    Spells: 25/25 levels left

rFire   + + .        b - +5 demon blade (flame)
rCold   + . .        D - +3 warlock's mirror {omnireflect}
rNeg    + . .        x - +7 gold dragon scales
rPois   +            X - +1 hat of the Orb Guardian {Dex+7}
rElec   +            J - +1 cloak of the Bruised Tusks {Str+5 Stlth+}
rCorr   .            A - +1 pair of gloves
SInv    +            (boots unavailable)
Will    +....        I - amulet of regeneration Stlth
                     c - ring "Piuklule" {rElec rN+ Int+6}
HPRegen 1.39/turn    d - ring of protection from fire
MPRegen 0.21/turn

%: reflection, acrobat
@: mighty, berserking (expiring), flying, studying Alchemy, very quick
A: reduced essence, beak, talons 3, evasive flight, acrobatic, thin skeletal
structure 1, see invisible, shaggy fur 1, weak 1
}: 3/15 runes: barnacled, abyssal, gossamer
a: Renounce Religion, Recall Ancestor, Ancestor Identity, Transference, Idealise


You were on level 1 of the Realm of Zot.
You worshipped Hepliaklqana.
Hepliaklqana was exalted by your worship.
You visited 11 branches of the dungeon, and saw 46 of its levels.
You visited the Abyss 1 time.
You visited 1 bazaar.
You also visited: Desolation.

You collected 9525 gold pieces.
You spent 1118 gold pieces at shops.

Inventory:

Hand Weapons
 a - a +4 double sword of holy wrath
 b - a +5 demon blade of flaming (weapon)
Missiles
 B - a throwing net (quivered)
 C - 20 curare-tipped darts
Armour
 x - +7 gold dragon scales (worn)
 A - a +1 pair of gloves (worn)
 D - the +3 warlock's mirror (worn) {omnireflect}
   (You acquired it on level 7 of the Dungeon)

   Omnireflect: It can block and reflect piercing ranged attacks and magical
   attacks against the wielder's willpower.
 J - the +1 cloak of the Bruised Tusks (worn) {Str+5 Stlth+}
   (You found it on level 9 of the Dungeon)

   Str+5:     It affects your strength (+5).
   Stlth+:    It makes you more stealthy.
 X - the +1 hat of the Orb Guardian (worn) {Dex+7}
   (You found it on level 4 of the Spider Nest)

   Dex+7:     It affects your dexterity (+7).
Jewellery
 c - the ring "Piuklule" (left hand) {rElec rN+ Int+6}
   (You found it in the Desolation of Salt)

   [ring of intelligence]

   Int+6:     It affects your intelligence (+6).
   rElec:     It insulates you from electricity.
   rN+:       It protects you from negative energy.
 d - a ring of protection from fire (right hand)
 i - the ring "Kyoto" {Str+6 Slay+4}
   (You took it off a skeletal warrior on level 2 of the Crypt)

   [ring of strength]

   Str+6:     It affects your strength (+6).
   Slay+4:    It affects your accuracy & damage with ranged weapons and melee
   (+4).
 s - the ring of Sif Muna's Regard {Ice rElec SInv}
   (You found it on level 2 of the Vaults)

   [ring of ice]

   Ice:       It enhances your ice magic.
   rF-:       It makes you vulnerable to fire.
   rC+:       It protects you from cold.
   rElec:     It insulates you from electricity.
   SInv:      It lets you see invisible.
 t - a ring of protection from cold
 I - an amulet of regeneration (around neck)
Wands
 r - a wand of paralysis (25)
 u - a wand of roots (58)
 w - a wand of light (14)
 K - a wand of mindburst (26)
 L - a wand of digging (8)
Scrolls
 f - 15 scrolls of teleportation
 h - 29 scrolls of identify
 n - 5 scrolls of revelation
 E - 5 scrolls of summoning
 G - 3 scrolls of silence
 M - 6 scrolls of fear
 N - 5 scrolls of blinking
 Q - 3 scrolls of noise
 S - 6 scrolls of fog
 Z - 2 scrolls of enchant weapon
Potions
 e - 16 potions of curing
 g - 8 potions of resistance
 j - 6 potions of might
 k - 8 potions of mutation
 l - 5 potions of heal wounds
 o - 5 potions of haste
 p - a potion of cancellation
 q - a potion of berserk rage
 v - 3 potions of magic
 O - 5 potions of invisibility
 P - 8 potions of attraction
 R - 5 potions of ambrosia
Miscellaneous
 y - a condenser vane
 F - a phial of floods
 H - a phantom mirror
 U - a box of beasts


   Skills:
 + Level 21.5 Fighting
 + Level 21.2 Long Blades
 + Level 19.5 Armour
 - Level 22.1 Dodging
 + Level 21.3 Shields
 - Level 7.0 Invocations
 - Level 13.3 Evocations


You had 25 spell levels left.
You didn't know any spells.
Your spell library contained the following spells:

 Spells                   Type           Power      Damage    Failure   Level
 Apportation              Tloc           0%         N/A       100%        1
 Foxfire                  Conj/Fire      0%         2x1d4     100%        1
 Kiss of Death            Conj/Necr      0%         2d5       100%        1
 Magic Dart               Conj           0%         1d3       100%        1
 Necrotise                Necr           0%         1d4       100%        1
 Sandblast                Erth           0%         2d4       100%        1
 Slow                     Hex            0%         N/A       100%        1
 Sting                    Conj/Alch      0%         1d3       100%        1
 Blink                    Tloc           0%         N/A       100%        2
 Call Imp                 Summ           0%         N/A       100%        2
 Cigotuvi's Dreadful Rot  Necr/Alch/Air  0%         N/A       100%        2
 Jinxbite                 Hex            0%         N/A       100%        2
 Mercury Vapours          Alch/Air       0%         N/A       100%        2
 Searing Ray              Conj           0%         2d4       100%        2
 Static Discharge         Conj/Air       0%         3-3/arc   100%        2
 Sublimation of Blood     Necr           0%         N/A       100%        2
 Call Canine Familiar     Summ           0%         N/A       100%        3
 Confusing Touch          Hex            0%         N/A       100%        3
 Dazzling Flash           Conj/Hex       0%         N/A       100%        3
 Frozen Ramparts          Ice            0%         1d1       100%        3
 Gell's Gravitas          Tloc           0%         N/A       100%        3
 Hailstorm                Conj/Ice       0%         3d5       100%        3
 Inner Flame              Hex/Fire       0%         N/A       100%        3
 Mephitic Cloud           Conj/Alch/Air  0%         N/A       100%        3
 Ozocubu's Armour         Ice            0%         N/A       100%        3
 Passwall                 Erth           0%         N/A       100%        3
 Sigil of Binding         Hex            0%         N/A       100%        3
 Stone Arrow              Conj/Erth      0%         3d7       100%        3
 Summon Ice Beast         Ice/Summ       0%         N/A       100%        3
 Swiftness                Air            0%         N/A       100%        3
 Teleport Other           Tloc           0%         N/A       100%        3
 Tukima's Dance           Hex            0%         N/A       100%        3
 Vampiric Draining        Necr           0%         2d6       100%        3
 Volatile Blastmotes      Fire/Tloc      0%         2d10      100%        3
 Anguish                  Hex/Necr       0%         N/A       100%        4
 Brom's Barrelling Bould  Conj/Erth      0%         2d3       100%        4
 Cause Fear               Hex            0%         N/A       100%        4
 Dimensional Bullseye     Hex/Tloc       0%         N/A       100%        4
 Dispel Undead            Necr           0%         3d6       100%        4
 Fulminant Prism          Conj/Alch      0%         3d5       100%        4
 Iskenderun's Mystic Bla  Conj/Tloc      0%         2d3       100%        4
 Leda's Liquefaction      Alch/Erth      0%         N/A       100%        4
 Martyr's Knell           Necr/Summ      0%         N/A       100%        4
 Olgreb's Toxic Radiance  Alch           0%         N/A       100%        4
 Passage of Golubria      Tloc           0%         N/A       100%        4
 Petrify                  Alch/Erth      0%         N/A       100%        4
 Summon Lightning Spire   Summ/Air       0%         N/A       100%        4
 Vhi's Electric Charge    Tloc/Air       0%         N/A       100%        4
 Alistair's Intoxication  Alch           0%         N/A       100%        5
 Arcjolt                  Conj/Air       0%         1d10      100%        5
 Borgnjor's Vile Clutch   Necr/Erth      0%         N/A       100%        5
 Curse of Agony           Necr           0%         N/A       100%        5
 Fireball                 Conj/Fire      0%         3d3       100%        5
 Freezing Cloud           Conj/Ice/Air   0%         6-21      100%        5
 Irradiate                Conj/Alch      0%         3d11      100%        5
 Iskenderun's Battlesphe  Conj           0%         2d6       100%        5
 Metabolic Englaciation   Hex/Ice        0%         N/A       100%        5
 Yara's Violent Unravell  Hex/Alch       0%         3d3       100%        5
 Conjure Ball Lightning   Conj/Air       0%         3x3d6     100%        6
 Death Channel            Necr           0%         N/A       100%        6
 Dispersal                Tloc           0%         N/A       100%        6
 Eringya's Noxious Bog    Alch           0%         4d6       100%        6
 Plasma Beam              Fire/Air       0%         2x1d10    100%        6
 Sculpt Simulacrum        Ice/Alch       0%         N/A       100%        6
 Starburst                Conj/Fire      0%         6d3       100%        6
 Enfeeble                 Hex            0%         N/A       100%        7
 Malign Gateway           Summ/Tloc      0%         N/A       100%        7
 Orb of Destruction       Conj           0%         9d5       100%        7
 Ozocubu's Refrigeration  Ice            0%         4d7       100%        7
 Spellforged Servitor     Conj/Summ      0%         N/A       100%        7
 Summon Hydra             Summ           0%         N/A       100%        7
 Discord                  Hex            0%         N/A       100%        8
 Disjunction              Tloc           0%         N/A       100%        8
 Ignition                 Fire           0%         3d3       100%        8
 Death's Door             Necr           0%         N/A       100%        9


Dungeon Overview and Level Annotations

Branches:
Dungeon (15/15)            Temple (1/1) D:7            Lair (5/5) D:8
 Shoals (4/4) Lair:2       Spider (4/4) Lair:2        Slime (0/5) Lair:4
    Orc (2/2) D:12            Elf (3/3) Orc:2        Vaults (4/5) D:13
  Crypt (3/3) Vaults:2       Tomb (0/3) Crypt:3      Depths (4/4) D:15
    Zot (1/5) Depths:4    Desolation (visited)

Altars:
Ashenzari
Cheibriados
Dithmenos
Elyvilon
Fedhas
Gozag
Hepliaklqana
Kikubaaqudgha
Makhleb
Nemelex Xobeh
Okawaru
Qazlal
Ru
Sif Muna
Trog
Uskayaw
Vehumet
Wu Jian
Xom
Yredelemnul
Zin
The Shining One
Jiyva
Lugonu

Shops:
D:4 !   D:8 :!   D:9 [   D:10 :   D:15 (   Orc:1 [   Orc:2 ((=[   Elf:1 ?=
Depths:3 (   Depths:4 (:(

Portals:
Hell: Depths:1 Depths:2 Depths:3 Depths:4
Abyss: Shoals:1 Depths:3
Pandemonium: Depths:2
Ziggurat: Depths:2

Annotations:
Lair:2 1 runed translucent door, Zoobame's ghost, journeyman DEHW
Shoals:3 Mlioglotl
Shoals:4 Polyphemus
Elf:2 3 runed translucent doors
Crypt:3 exclusion: door


Innate Abilities, Weirdness & Mutations

Your life essence is reduced to manifest your ancestor. (-10% HP)
You have a beak for a mouth.
You have claws for feet.
Your magical flight helps you evade attacks. (EV +4)
You can magically evade attacks while moving or waiting.
You have a somewhat thin skeletal structure. (Dex +2, Stealth+)
You have supernaturally acute eyesight. (SInv)
You are covered in fur. (AC +1)
You are weak. (Str -2)


Message History

Unknown command.
You cut the storm dragon into ribbons!!!
You burn the storm dragon! You claw the storm dragon.
You peck the storm dragon.
The storm dragon is almost dead.
The storm dragon bites you but does no damage.
You block the storm dragon's attack. x2; The quicksilver dragon bites you!
* * * LOW HITPOINT WARNING * * *
The quicksilver dragon completely misses you.
You barely miss the storm dragon. You claw the storm dragon.
Your peck misses the storm dragon.
The storm dragon is almost dead.
The quicksilver dragon barely misses you.
The quicksilver dragon claws you!!
* * * LOW HITPOINT WARNING * * *
You block the storm dragon's attack. x2; The storm dragon misses you.
You slice the storm dragon!! You burn the storm dragon!
You kill the storm dragon!
You block the quicksilver dragon's attack.
The quicksilver dragon claws you but does no damage.
Unknown command.
You barely miss the quicksilver dragon. You claw the quicksilver dragon.
You peck the quicksilver dragon.
The quicksilver dragon is lightly wounded.
The quicksilver dragon misses you. The quicksilver dragon claws you!!
* * * LOW HITPOINT WARNING * * *
Unknown command.
You closely miss the quicksilver dragon.
You claw the quicksilver dragon!
Your peck misses the quicksilver dragon.
The quicksilver dragon is moderately wounded.
You block the quicksilver dragon's attack. x2
Unknown command.
You closely miss the quicksilver dragon.
You claw the quicksilver dragon! You peck the quicksilver dragon.
The quicksilver dragon is moderately wounded.
The quicksilver dragon bites you!
* * * LOW HITPOINT WARNING * * *
The quicksilver dragon claws you!
You die...

##'##...##'##...##'##
#...##'##...##'##...#
#...#...#...#...#...#
##'##...##'##...##'##
#?"(##'##)>)##'##(?.#
#####...#####)..#####
#####.. ##'##
##)##...# ##
##'##..@##'##...##
......[†Dy........
#..##.#.##.##..##. #
###.##.# .... ..##.#
### #.##..# #. ..# ..
.## .# ..


You could see a quicksilver dragon (berserk) and a moth of wrath.

Vanquished Creatures
  An orb of fire (Zot:1)
  4 juggernauts
  Xtahua (Vaults:4)
  2 Killer Klowns (Zot:1)
  Margery (Crypt:1)
  A curse toe (Zot:1)
  Nikola (Shoals:1)
  5 golden dragons
  A caustic shrike (Depths:3)
  A profane servitor (Crypt:3)
  A bone dragon (Crypt:3)
  A hellephant (Crypt:1)
  Rupert (Lair:3)
  2 liches
  A titan (Depths:3)
  2 deep elf master archers (Elf:3)
  2 deep elf blademasters (Elf:3)
  5 quicksilver dragons
  6 sphinxes
  A death cob (Zot:1)
  An ancient champion (Crypt:1)
  2 tentacled starspawn (Abyss:3)
  Gastronok (D:9)
  Ilsuiw (Shoals:2)
  7 storm dragons
  5 tengu reavers
  2 protean progenitors (Zot:1)
  A shadow dragon (Depths:2)
  2 revenants
  3 deep elf sorcerers
  8 emperor scorpions
  2 frost giants
  14 vault wardens
  An imperial myrmidon (Desolation)
  A draconian scorcher (Zot:1)
  2 fire giants
  A balrug (Depths:2)
  3 ghost moths (Spider:3)
  4 deep elf elementalists (Elf:3)
  A cacodemon (Abyss:2)
  A draconian stormcaller (Depths:4)
  3 iron dragons
  5 curse skulls
  5 ghouls
  A reaper (Depths:2)
  2 spriggan defenders (Depths:2)
  3 broodmothers
  8 very ugly things
  6 ironbound thunderhulks
  A juggernaut skeleton (Crypt:2)
  8 ironbound preservers
  9 stone giants
  Nessos (Lair:4)
  8 vampire knights
  2 ophanim (Abyss:3)
  4 deep elf demonologists
  Azrael (Spider:2)
  11 deep elf death magi
  2 war gargoyles
  2 halazid warlocks (Desolation)
  A green draconian (Depths:4)
  An elemental wellspring (Depths:3)
  6 spark wasps
  8 deep elf annihilators
  2 white draconians
  A purple draconian (Zot:1)
  16 dire elephants
  2 red draconians
  A blizzard demon (Depths:2)
  9 eidola
  Snorg (D:12)
  Josephine (Lair:4)
  2 bunyips (Zot:1)
  5 fire dragons
  A mummy priest (Crypt:3)
  20 ettins
  A merfolk javelineer (Depths:3)
  2 crystal guardians (Desolation)
  A quicksilver dragon zombie (Crypt:3)
  8 jiangshi (Crypt:1)
  3 entropy weavers
  An entropy weaver (shapeshifter) (Elf:1)
  4 spriggan zombies (Crypt:3)
  3 deep elf high priests (Depths:2)
  10 ice dragons
  A great orb of eyes (Vaults:2)
  9 ragged hierophants (Desolation)
  6 yaktaur captains
  2 jorogumos (Spider:3)
  4 rakshasas
  5 hydras
  7 merfolk impalers
  5 peacekeepers (Desolation)
  A catoblepas (Lair:3)
  15 vault guards
  An ogre mage (Vaults:3)
  10 centaur warriors
  3 servants of whispers (Desolation)
  2 death knights
  11 ironbound frosthearts
  6 boulder beetles
  4 merfolk aquamancers
  2 merfolk avatars
  11 two-headed ogres
  3 spriggan air magi
  8 hell hogs
  Erica (D:11)
  A death scarab (Spider:3)
  An alligator snapping turtle (Shoals:2)
  10 dancing weapons
  5 deep troll shamans
  4 deep troll earth magi
  8 demonic crawlers
  5 vampire magi
  An occultist (Depths:3)
  14 tengu warriors
  3 thrashing horrors (Abyss:3)
  10 spriggan berserkers
  8 death yaks
  An orc high priest (Elf:2)
  Nergalle (D:11)
  11 hell knights
  10 sun demons
  2 skysharks
  A soul eater (Depths:2)
  8 deep elf knights
  A goliath frog (Lair:5)
  15 iron trolls
  2 shadow wraiths (Depths:2)
  Lodul (D:11)
  A quicksilver dragon simulacrum (Depths:2)
  33 skeletal warriors
  A golden dragon zombie (Depths:3)
  34 deep trolls
  4 flayed ghosts
  6 pharaoh ants
  An anaconda zombie (Crypt:3)
  A storm dragon skeleton (Crypt:1)
  7 lindwurms
  2 cherubim (Abyss:3)
  5 glowing orange brains
  3 arcanists
  2 sun moths (Spider:1)
  10 sea snakes
  2 orb spiders
  15 ironbound convokers
  29 harpies
  16 phantasmal warriors
  5 steelbarb worms
  5 deep elf archers
  6 orc knights
  21 deep elf zephyrmancers
  6 necromancers
  22 ugly things
  An orange crystal statue (Depths:3)
  4 fauns
  2 orc sorcerers (Orc:2)
  16 deep elf pyromancers
  2 iron dragon zombies
  8 wolf spiders
  A cyclops (shapeshifter) (Depths:4)
  A shining eye (Depths:1)
  A worldbinder (Abyss:1)
  5 elephants (Lair:2)
  3 manticores
  6 large abominations
  11 cyclopes
  5 moths of wrath
  A dire elephant zombie (Crypt:3)
  A guardian serpent (Desolation)
  3 kobold blastminers (Orc:1)
  7 meliai
  A rust devil (Abyss:1)
  3 apocalypse crabs (Shoals:1)
  Joseph (D:10)
  A black mamba (shapeshifter) (D:13)
  4 water nymphs
  6 merfolk sirens
  4 black mambas
  A centaur zombie (Crypt:3)
  A smoke demon (Abyss:3)
  An alligator snapping turtle zombie (Shoals:1)
  13 vault sentinels
  A molten gargoyle (Desolation)
  2 gargoyles
  An eye of devastation (Depths:1)
  17 cane toads
  5 torpor snails
  An ice statue (Depths:2)
  2 unseen horrors
  A pale draconian zombie (Crypt:1)
  A white draconian zombie (Crypt:1)
  6 freezing wraiths
  2 kobold demonologists
  7 komodo dragons
  A redback zombie (Crypt:1)
  30 yaktaurs
  2 ice devils (Depths:2)
  A guardian mummy (Crypt:3)
  2 rime drakes
  3 red devils (Orc:2)
  4 tengu conjurers
  An ancient zyme (Abyss:1)
  11 trolls
  A black draconian skeleton (Crypt:1)
  18 merfolk
  5 harpy zombies
  3 wind drakes
  A polar bear (Lair:5)
  A queen bee (shapeshifter) (D:14)
  A harpy skeleton (Crypt:1)
  2 tyrant leeches (Lair:5)
  21 blink frogs
  Grinder (D:3)
  10 tarantellas
  2 hornets (Depths:2)
  Prince Ribbit (D:5)
  A dream sheep (Shoals:2)
  A dream sheep (shapeshifter) (Vaults:4)
  23 saltlings (Desolation)
  A raiju (Abyss:3)
  18 jumping spiders
  6 snapping turtles
  26 slime creatures
  3 air elementals
  8 water elementals
  An ettin zombie (Crypt:1)
  2 spriggans (Depths:2)
  16 wraiths
  8 small abominations
  4 vampires
  3 wyverns
  A ynoxinul (Abyss:3)
  26 yaks
  13 culicivoras
  A shadow (D:10)
  3 fire elementals
  3 wargs
  7 vampire mosquitoes
  Grum (D:10)
  19 redbacks
  A steam dragon (D:9)
  3 basilisks
  3 chaos spawn
  2 acid dragons
  Duvessa (D:5)
  10 water moccasins
  A hell hound (Spider:2)
  12 orc warriors
  4 hexers
  3 black bears
  3 ice beasts
  2 sky beasts (D:7)
  11 laughing skulls
  4 ettin simulacra (Depths:2)
  8 centaurs
  30 ogres
  3 boggarts (Vaults:1)
  2 starcursed masses (Abyss:3)
  13 wolves
  A swamp dragon zombie (Crypt:1)
  A phantom (D:6)
  2 kobold brigands
  Blork the orc (D:6)
  19 bullfrogs
  9 necrophages
  3 gnoll sergeants
  7 scorpions
  Dowan (D:5)
  8 wights
  5 wyvern skeletons (Crypt:3)
  A yak zombie (Crypt:1)
  A shapeshifter zombie (Crypt:1)
  4 killer bees (D:8)
  3 electric eels
  3 howler monkeys (D:10)
  A bombardier beetle (D:6)
  5 hounds
  8 orc priests
  2 gnoll boudas
  4 jellies
  An iron imp (Abyss:3)
  Terence (D:2)
  4 iguanas
  A scorpion zombie (D:15)
  2 sleepcaps
  Natasha (thrice) (D:3)
  24 orc wizards
  A statue (D:12)
  An ogre skeleton (Crypt:2)
  2 hound zombies (D:15)
  A mummy (Crypt:3)
  17 gnolls
  An adder (D:6)
  A steam dragon zombie (Crypt:2)
  A steam dragon skeleton (Crypt:1)
  A shadow imp (D:5)
  A white imp (D:5)
  4 ufetubi
  An iguana zombie (Crypt:2)
  5 dart slugs
  2 ribbon worms
  47 orcs
  7 ball pythons
  3 bats
  5 endoplasms
  5 giant cockroaches
  7 goblins
  10 hobgoblins
  2 quokkas
  3 frilled lizards
  A hobgoblin skeleton (Crypt:2)
  17 kobolds
  2 rats
  A spectral hobgoblin (D:8)
1639 creatures vanquished.

Vanquished Creatures (collateral kills)
  An orb of fire (Zot:1)
  A golden dragon (Depths:2)
  A profane servitor (Crypt:3)
  A Hell Sentinel (Abyss:3)
  Jorgrun (D:12)
  A lich (Crypt:3)
  An Executioner (Abyss:3)
  A death cob (Zot:1)
  Aizul (Vaults:1)
  A tengu reaver (Depths:4)
  2 emperor scorpions (Spider:4)
  A draconian shifter (Depths:4)
  An imperial myrmidon (Desolation)
  2 ghost moths
  A fire giant (Depths:4)
  An orc warlord (Vaults:4)
  4 ghouls
  3 ironbound preservers
  An angel (Abyss:3)
  2 formless jellyfish
  3 vampire knights
  2 ironbound thunderhulks
  2 stone giants
  A deep elf death mage (Crypt:1)
  2 dire elephants
  2 deep elf annihilators (Elf:3)
  A spark wasp (Spider:2)
  A black draconian (Zot:1)
  A halazid warlock (Desolation)
  A red draconian (Depths:4)
  An eidolon (Crypt:3)
  A ragged hierophant (Desolation)
  A jiangshi (Crypt:1)
  An entropy weaver (Spider:4)
  A merfolk impaler (Shoals:2)
  A great orb of eyes (Vaults:1)
  A deep elf high priest (Depths:2)
  A spriggan zombie (Crypt:3)
  A vault guard (Vaults:3)
  2 yaktaur captains
  2 peacekeepers (Desolation)
  A hydra (Lair:5)
  A spriggan air mage (Depths:4)
  A catoblepas (Lair:5)
  A radroach (Spider:2)
  2 ogre magi (Orc:2)
  An ironbound frostheart (Vaults:1)
  A centaur warrior (Vaults:2)
  7 dancing weapons
  2 boulder beetles
  A death knight (Crypt:3)
  2 tengu warriors (Depths:2)
  A deep troll shaman (Depths:2)
  3 deep troll earth magi (Depths:4)
  2 death yaks (Lair:3)
  A demonic crawler (Spider:4)
  4 hell knights
  2 sun demons (Depths:1)
  3 soul eaters
  Sonja (Lair:5)
  5 iron trolls
  A wretched star (Abyss:3)
  A quicksilver dragon simulacrum (Depths:2)
  A skyshark (Shoals:2)
  A sea snake (Shoals:3)
  A goliath frog (Lair:5)
  10 deep trolls
  A bog body (Crypt:2)
  3 phantasmal warriors
  An arcanist (Vaults:3)
  A spriggan simulacrum (Abyss:2)
  3 deep elf archers (Elf:2)
  5 harpies
  A steelbarb worm (Spider:4)
  4 ironbound convokers
  4 deep elf zephyrmancers
  A frost giant zombie (Depths:3)
  2 necromancers
  A manticore (D:12)
  5 deep elf pyromancers
  6 ugly things
  6 wolf spiders
  A moth of wrath (Spider:3)
  A faun (Shoals:1)
  2 meliai
  A guardian serpent (Abyss:2)
  4 elephants (Lair:4)
  A torpor snail (Spider:3)
  2 cane toads (Lair:5)
  A vault sentinel (Vaults:2)
  A shock serpent skeleton (Crypt:1)
  A large abomination (Abyss:2)
  A komodo dragon (Lair:1)
  8 yaktaurs
  A tengu conjurer (Depths:2)
  2 freezing wraiths
  2 trolls
  10 merfolk
  16 saltlings (Desolation)
  A hornet (Depths:2)
  A tarantella (Spider:1)
  A boulder beetle zombie (Crypt:2)
  7 blink frogs
  3 dream sheep (Shoals:2)
  2 snapping turtles
  A hydra skeleton (Crypt:1)
  A raiju (Abyss:3)
  6 jumping spiders
  3 culicivoras
  5 slime creatures
  A spriggan (Depths:2)
  4 water elementals
  7 yaks
  A wraith (Crypt:3)
  3 basilisks
  4 fire elementals
  2 redbacks
  A fire bat (Abyss:3)
  A warg (Orc:2)
  A chaos spawn (Abyss:3)
  A naga zombie (Crypt:3)
  An acid dragon (D:12)
  A water moccasin (Lair:4)
  A hell hound (Spider:2)
  An orc warrior (Orc:2)
  A wolf (Lair:4)
  2 ettin simulacra (Depths:2)
  2 starcursed masses (Abyss:3)
  2 centaurs (D:14)
  3 earth elementals
  2 bullfrogs
  7 necrophages
  A wyvern skeleton (Crypt:3)
  2 orc wizards (Orc:2)
  A mummy (Crypt:3)
  4 orcs
  3 kobolds
  A frilled lizard skeleton (Crypt:1)
  A starspawn tentacle (Abyss:3)
306 creatures vanquished.

Vanquished Creatures (others)
  A fire giant (Depths:3)
  Louise (D:15)
  An elemental wellspring (Depths:3)
  A deep elf knight (Elf:3)
  A wretched star (Abyss:3)
  A phantasmal warrior (Depths:3)
  A tengu conjurer (Depths:2)
  46 hexers
  2 ancestors
  An orc (Orc:2)
  3 starspawn tentacles (Abyss:3)
59 creatures vanquished.

Grand Total: 2004 creatures vanquished

Notes
Turn   | Place    | Note
-------+----------+-------------------------------------------
     0 | D:1      | TacoSundae the Tengu Fighter began the quest for the Orb.
     0 | D:1      | Reached XP level 1. HP: 14/14 MP: 2/2
    11 | D:1      | Found a faded altar of an unknown god.
   151 | D:1      | Reached XP level 2. HP: 19/19 MP: 3/3
   709 | D:2      | Reached XP level 3. HP: 23/23 MP: 4/4
  1037 | D:2      | Noticed Terence
  1043 | D:2      | Killed Terence
  1044 | D:2      | Reached XP level 4. HP: 28/28 MP: 5/5
  1269 | D:3      | Found a glowing golden altar of the Shining One.
  1282 | D:3      | Noticed Natasha
  1290 | D:3      | Killed Natasha
  1434 | D:3      | Reached XP level 5. HP: 31/33 MP: 6/6
  1441 | D:3      | Reached XP level 6. HP: 7/38 MP: 7/7
  1567 | D:3      | Reached skill level 5 in Long Blades
  1784 | D:3      | Got Zyrpha's Quarto of Transposition and Malignant Words
  1911 | D:3      | Found a blossoming altar of Fedhas.
  2091 | D:3      | Noticed Natasha
  2094 | D:3      | Killed Natasha
  2200 | D:3      | Noticed Natasha
  2212 | D:3      | Killed Natasha
  2300 | D:4      | Gained mutation: Your magical flight helps you evade
                  | attacks. (EV +4) [Tengu growth]
  2300 | D:4      | Reached XP level 7. HP: 43/43 MP: 8/8
  2320 | D:4      | Noticed Grinder
  2462 | D:3      | Identified a scroll of acquirement
  2462 | D:3      | Acquired a +3 double sword of holy wrath
  2473 | D:3      | Killed Grinder
  2679 | D:4      | Found Rengy's Distillery.
  2691 | D:4      | Bought a potion of heal wounds for 70 gold pieces
  3071 | D:5      | Entered Level 5 of the Dungeon
  3083 | D:5      | Noticed Dowan
  3084 | D:5      | Noticed Duvessa
  3194 | D:5      | Killed Dowan
  3195 | D:5      | Reached XP level 8. HP: 36/48 MP: 9/9
  3211 | D:5      | Gained mutation: Your health recovers twice as slowly from
                  | being drained. [potion of mutation]
  3211 | D:5      | Lost mutation: Your health recovers twice as slowly from
                  | being drained. [potion of mutation]
  3211 | D:5      | Gained mutation: You are partially covered in iridescent
                  | scales. (AC +2) [potion of mutation]
  3223 | D:5      | Killed Duvessa
  3445 | D:5      | Noticed Prince Ribbit
  3453 | D:5      | Reached skill level 10 in Long Blades
  3457 | D:5      | Killed Prince Ribbit
  3815 | D:6      | Reached XP level 9. HP: 47/52 MP: 10/10
  3996 | D:6      | Noticed Blork the orc
  4003 | D:6      | Killed Blork the orc
  4451 | D:7      | Found a staircase to the Ecumenical Temple.
  4457 | Temple   | Entered the Ecumenical Temple
  5043 | D:7      | Reached skill level 1 in Dodging
  5043 | D:7      | Reached XP level 10. HP: 57/57 MP: 11/11
  5354 | D:7      | Acquired 1042 gold pieces
  5356 | D:7      | Acquired a manual of Evocations
  5358 | D:7      | Acquired the +3 warlock's mirror {omnireflect}
  5358 | D:7      | Found the +3 warlock's mirror {omnireflect}
  5568 | D:8      | Reached skill level 2 in Dodging
  5704 | D:8      | Found Cutteus's Book Shoppe.
  5754 | D:8      | Found a staircase to the Lair.
  5903 | D:8      | Reached skill level 5 in Fighting
  5987 | D:8      | Found Kich's Distillery.
  5990 | D:8      | Bought a potion of heal wounds for 65 gold pieces
  5990 | D:8      | Bought a potion of haste for 130 gold pieces
  6269 | D:8      | Found a hazy altar of Hepliaklqana.
  6274 | D:8      | You are sucked into a shaft and drop 3 floors!
  6289 | D:10     | Entered Level 10 of the Dungeon
  6317 | D:10     | Killed an unseen horror
  6318 | D:10     | Reached skill level 3 in Dodging
  6402 | D:9      | Noticed Joseph
  6435 | D:10     | Killed Joseph
  6537 | D:9      | Reached skill level 15 in Long Blades
  6539 | D:9      | Reached skill level 4 in Dodging
  6594 | D:9      | Reached skill level 5 in Shields
  6690 | D:8      | Became a worshipper of Hepliaklqana the Forgotten
  6749 | D:9      | Reached XP level 11. HP: 54/64 MP: 12/12
  6905 | D:9      | Found Masuidd's Antique Armour Shop.
  6983 | D:9      | Noticed a two-headed ogre
  6996 | D:9      | Killed a two-headed ogre
  7000 | D:9      | Noticed Gastronok
  7015 | D:9      | Killed Gastronok
  7016 | D:9      | Reached skill level 5 in Dodging
  7051 | D:9      | Found a broken altar of Ashenzari.
  7053 | D:9      | Found a stormy altar of Qazlal.
  7053 | D:9      | Found a radiant altar of Vehumet.
  7055 | D:9      | Found a hide-covered altar of Uskayaw.
  7055 | D:9      | Found an opulent altar of Gozag.
  7188 | D:9      | Identified the +1 cloak of the Bruised Tusks {Str+5 Stlth+}
  7506 | D:10     | Noticed Grum
  7524 | D:10     | Killed Grum
  7611 | D:10     | Reached * piety under Hepliaklqana
  7666 | D:10     | Found Emysam's Tremendous Tomes.
  8032 | D:11     | Noticed Nergalle
  8034 | D:11     | Noticed a centaur warrior
  8043 | D:11     | Killed a centaur warrior
  8161 | Lair:1   | Entered Level 1 of the Lair of Beasts
  8306 | Lair:1   | Reached skill level 6 in Dodging
  8503 | Lair:1   | Reached skill level 5 in Armour
  8519 | Lair:1   | Reached XP level 12. HP: 39/64 MP: 13/13
  8655 | Lair:1   | Reached ** piety under Hepliaklqana
  9037 | Lair:1   | Remembered your ancestor Tacotus as a hexer
  9079 | Lair:2   | Found a runed translucent door.
  9105 | Lair:2   | Noticed Zoobame's ghost (journeyman DEHW)
  9213 | Lair:2   | Reached skill level 7 in Dodging
  9263 | Lair:2   | Found a hole to the Spider Nest.
  9283 | Lair:2   | Found a staircase to the Shoals.
  9567 | Lair:2   | Noticed a skyshark
  9578 | Lair:2   | Killed a skyshark
 10132 | Lair:3   | Noticed Rupert
 10136 | Lair:3   | Reached *** piety under Hepliaklqana
 10150 | Lair:3   | Killed Rupert
 10151 | Lair:3   | Reached skill level 8 in Dodging
 10209 | Lair:3   | Noticed a four-headed hydra
 10239 | Lair:3   | Killed a 12-headed hydra
 10240 | Lair:3   | Reached XP level 13. HP: 26/71 MP: 14/14
 11431 | Lair:4   | Noticed Josephine
 11473 | Lair:4   | Reached skill level 9 in Dodging
 11733 | Lair:4   | Killed Josephine
 11968 | Lair:4   | Noticed Nessos
 11980 | Lair:4   | Killed Nessos
 12113 | Lair:4   | Reached **** piety under Hepliaklqana
 12296 | Lair:4   | Found a staircase to the Slime Pits.
 12303 | Lair:4   | Found a viscous altar of Jiyva.
 12549 | Lair:5   | Entered Level 5 of the Lair of Beasts
 12592 | Lair:5   | Reached skill level 1 in Invocations
 12708 | Lair:5   | Reached skill level 10 in Fighting
 12711 | Lair:5   | Reached XP level 14. HP: 76/79 MP: 16/16
 13011 | Lair:5   | Reached skill level 10 in Dodging
 13069 | Lair:5   | Noticed Sonja
 13361 | Lair:5   | Reached skill level 10 in Shields
 13701 | Lair:5   | Reached ***** piety under Hepliaklqana
 14150 | Lair:5   | Killed Sonja
 14183 | Lair:5   | Identified the +0 ring mail "Siut Kuth" {Will+}
 14713 | D:11     | Noticed Erica
 14721 | D:11     | Killed Erica
 14722 | D:11     | Reached skill level 10 in Armour
 14800 | D:11     | Noticed Lodul
 14826 | D:11     | Killed Lodul
 15242 | D:12     | Found a staircase to the Orcish Mines.
 15272 | D:11     | Killed Nergalle
 15435 | D:12     | Reached skill level 11 in Dodging
 15592 | D:12     | Noticed Jorgrun
 15614 | D:12     | Killed Jorgrun
 16057 | D:12     | Noticed Snorg
 16067 | D:12     | Killed Snorg
 16083 | D:12     | Reached XP level 15. HP: 84/84 MP: 19/19
 16342 | D:12     | Found a radiant altar of Vehumet.
 16523 | Orc:1    | Entered Level 1 of the Orcish Mines
 16732 | Orc:2    | Entered Level 2 of the Orcish Mines
 16863 | Orc:1    | Reached skill level 5 in Invocations
 17012 | Orc:2    | Found Qofaikhoh's Antique Weapon Shop.
 17079 | Orc:2    | Found Yggusoirph's Weapon Boutique.
 17344 | Orc:2    | Found a gateway to a bazaar.
 17364 | Bazaar   | Entered a bazaar
 17376 | Bazaar   | Found Qusom's General Store.
 17377 | Bazaar   | Found Kuk Gesy's Assorted Antiques.
 17389 | Bazaar   | Found Umamaux's Book Shoppe.
 17389 | Bazaar   | Found Hyel Kef's Assorted Antiques.
 17430 | Bazaar   | Bought a scroll of identify for 30 gold pieces
 17442 | Bazaar   | Bought a scroll of revelation for 142 gold pieces
 17442 | Bazaar   | Bought a potion of curing for 57 gold pieces
 17442 | Bazaar   | Bought a potion of curing for 57 gold pieces
 17442 | Bazaar   | Bought a scroll of teleportation for 57 gold pieces
 17442 | Bazaar   | Bought a fluorescent wand for 76 gold pieces
 17676 | Orc:1    | Found Cegaov's Antique Armour Boutique.
 17850 | Orc:2    | Found a staircase to the Elven Halls.
 17941 | Orc:2    | Found Loewecko's Jewellery Emporium.
 17951 | Orc:2    | Found Mibrueha's Antique Armour Boutique.
 18267 | D:13     | Reached skill level 12 in Dodging
 18409 | D:13     | Identified the +6 hand axe of the Skies Above {elec, Fly
                  | rPois Int+3}
 18565 | D:13     | Found a gate to the Vaults.
 19090 | D:14     | Reached ****** piety under Hepliaklqana
 19184 | D:14     | Reached XP level 16. HP: 90/90 MP: 21/21
 19920 | Shoals:1 | Entered Level 1 of the Shoals
 19997 | Shoals:1 | Found a runed translucent door.
 20046 | Shoals:1 | Noticed Nikola
 20078 | Shoals:1 | Killed Nikola
 20138 | Shoals:1 | HP: 4/92 [merfolk aquamancer/+5 rapier of speed (8)]
 20156 | Shoals:1 | Reached skill level 13 in Dodging
 20318 | Shoals:1 | Found a corrupted altar of Lugonu.
 20320 | Shoals:1 | Found a one-way gate to the infinite horrors of the Abyss.
 21131 | Shoals:2 | Noticed Ilsuiw
 21166 | Shoals:2 | Killed Ilsuiw
 21971 | Shoals:3 | Reached XP level 17. HP: 97/97 MP: 23/23
 22108 | Shoals:3 | Noticed Mlioglotl
 22444 | Shoals:4 | Entered Level 4 of the Shoals
 22454 | Shoals:4 | Noticed Polyphemus
 22676 | Shoals:4 | Got Boujabb's Last Incunabulum of the Lorekeeper
 22984 | Shoals:4 | Reached skill level 14 in Dodging
 23010 | Shoals:4 | Got a barnacled rune of Zot
 23160 | Spider:1 | Entered Level 1 of the Spider Nest
 24109 | Spider:2 | Noticed Azrael
 24163 | Spider:1 | Gained mutation: You are weak. (Str -2) [mutagenic glow]
 24181 | Spider:1 | Gained mutation: You are occasionally teleported next to
                  | monsters. [mutagenic glow]
 24347 | Spider:2 | Killed Azrael
 24706 | Spider:2 | Lost mutation: You are partially covered in iridescent
                  | scales. (AC +2) [potion of mutation]
 24706 | Spider:2 | Lost mutation: You are occasionally teleported next to
                  | monsters. [potion of mutation]
 24706 | Spider:2 | Gained mutation: You are covered in fur. (AC +1) [potion of
                  | mutation]
 24706 | Spider:2 | Gained mutation: You have a somewhat thin skeletal
                  | structure. (Dex +2, Stealth+) [potion of mutation]
 24706 | Spider:2 | Gained mutation: You have supernaturally acute eyesight.
                  | (SInv) [potion of mutation]
 25185 | Spider:3 | Reached XP level 18. HP: 98/104 MP: 24/24
 25587 | Spider:3 | Reached XP level 19. HP: 108/108 MP: 25/25
 26045 | Spider:4 | Entered Level 4 of the Spider Nest
 26175 | Spider:4 | Reached skill level 15 in Dodging
 26772 | Spider:4 | Got a gossamer rune of Zot
 26780 | Spider:4 | Identified the +1 hat of the Orb Guardian {Dex+7}
 27128 | D:15     | Entered Level 15 of the Dungeon
 27128 | D:15     | Found Bazoti's Antique Weapon Shoppe.
 27176 | D:15     | Found a staircase to the Depths.
 27491 | D:15     | Found a broken altar of Ashenzari.
 27576 | D:15     | Found an ancient bone altar of Kikubaaqudgha.
 27867 | D:15     | Noticed Louise
 27875 | D:15     | Killed Louise
 27992 | Vaults:1 | Entered Level 1 of the Vaults
 28040 | Vaults:1 | Reached skill level 15 in Armour
 28366 | Vaults:1 | Reached skill level 15 in Fighting
 28589 | Vaults:1 | Identified the serpent talisman of a Gauntlet {Will+ Dex+3
                  | SInv}
 28589 | Vaults:1 | Noticed Aizul
 28599 | Vaults:1 | Killed Aizul
 28612 | Vaults:1 | Reached XP level 20. HP: 73/116 MP: 26/26
 28914 | Vaults:1 | Reached skill level 15 in Shields
 28941 | Vaults:1 | Reached skill level 16 in Dodging
 29859 | Vaults:2 | Identified the ring of Sif Muna's Regard {Ice rElec SInv}
 30036 | Vaults:2 | Found a staircase to the Crypt.
 30951 | Vaults:3 | Reached skill level 17 in Dodging
 30980 | Vaults:3 | Reached XP level 21. HP: 103/122 MP: 27/27
 33175 | Vaults:4 | Noticed Xtahua
 33242 | Vaults:4 | Killed Xtahua
 33747 | Depths:1 | Entered Level 1 of the Depths
 33765 | Depths:1 | Found a sacrificial altar of Ru.
 34002 | Depths:1 | Found a gateway to Hell.
 34306 | Depths:1 | Reached skill level 18 in Dodging
 34858 | Depths:2 | Reached skill level 10 in Evocations
 34899 | Depths:2 | Found an opulent altar of Gozag.
 34903 | Depths:2 | Found a one-way gateway to a ziggurat.
 34979 | Depths:2 | Reached XP level 22. HP: 95/130 MP: 28/28
 35096 | Depths:2 | Found a hazy altar of Hepliaklqana.
 35289 | Depths:2 | Found a white marble altar of Elyvilon.
 35376 | Depths:2 | Got the Dissertation on the Gathering
 35559 | Depths:2 | Found a burning altar of Makhleb.
 35561 | Depths:2 | Found a one-way gate leading to the halls of Pandemonium.
 35774 | Depths:2 | Identified the +2 robe of Bad Feelings {Slay+5}
 35861 | Depths:2 | Noticed a golden dragon
 35880 | Depths:2 | Killed a golden dragon
 36353 | Depths:3 | Found Xeseluf's Weapon Shop.
 36702 | Depths:3 | Reached skill level 19 in Dodging
 37272 | Depths:3 | Reached XP level 23. HP: 136/136 MP: 29/29
 37767 | Depths:3 | Noticed a caustic shrike
 37772 | Depths:3 | Noticed a juggernaut
 38003 | Depths:3 | Killed a juggernaut
 38065 | Depths:3 | Noticed a juggernaut
 38081 | Depths:3 | Killed a juggernaut
 38097 | Depths:3 | Killed a caustic shrike
 38128 | Depths:3 | Noticed a juggernaut
 38138 | Depths:3 | Killed a juggernaut
 38145 | Depths:3 | Identified the staff "Budidaqi" {rC+++ Conj Hexes}
 38148 | Depths:3 | Found the +9 staff of Olgreb {rPois∞}
 38162 | Depths:3 | Identified the +1 rapier "Ryoloixi" {venom, ^Contam rC+
                  | rCorr Int+3}
 38498 | Depths:4 | Entered Level 4 of the Depths
 38644 | Depths:4 | Found Fuotoedd's Antique Weapon Shoppe.
 38646 | Depths:4 | Found Jidgh's Distillery.
 38646 | Depths:4 | Found Xepnu's Book Shoppe.
 38664 | Depths:4 | Found Ridiniru's Weapon Shoppe.
 38664 | Depths:4 | Noticed a golden dragon
 38776 | Depths:4 | Reached skill level 20 in Dodging
 38937 | Depths:4 | Killed a golden dragon
 39297 | Depths:4 | Noticed a golden dragon
 39298 | Depths:4 | Found a gate to the Realm of Zot.
 39303 | Depths:4 | Noticed a golden dragon
 39400 | Depths:4 | Killed a golden dragon
 39480 | Depths:4 | Killed a golden dragon
 39813 | Elf:1    | Entered Level 1 of the Elven Halls
 39853 | Elf:1    | Found a radiant altar of Vehumet.
 40032 | Elf:1    | Reached XP level 24. HP: 144/144 MP: 29/29
 40033 | Elf:1    | Got the Omnibus of the Volley
 40125 | Elf:1    | Found Sitohec's Jewellery Shoppe.
 40129 | Elf:1    | Found Gitygy's Magic Scroll Shoppe.
 40144 | Elf:1    | Bought a scroll of teleportation for 45 gold pieces
 40144 | Elf:1    | Bought a scroll of blinking for 112 gold pieces
 40144 | Elf:1    | Bought a scroll of fear for 60 gold pieces
 40144 | Elf:1    | Bought a scroll of fog for 60 gold pieces
 40144 | Elf:1    | Bought a scroll of revelation for 112 gold pieces
 40144 | Elf:1    | Bought a scroll of teleportation for 45 gold pieces
 40531 | Elf:2    | Found a crumbling gateway.
 40542 | Desolati | Entered the Desolation of Salt
 40595 | Desolati | Got Levix's Spellbook of Electrocution
 40596 | Desolati | Identified the ring "Piuklule" {rElec rN+ Int+6}
 40942 | Desolati | Identified the +1 pair of boots "Ehebam" {Will++ Stlth+}
 40961 | Desolati | Got the Almanac of the Zephyr
 41132 | Desolati | Got the Textbook on Postmortem Congelation
 41640 | Elf:2    | Found a runed translucent gate.
 41641 | Elf:2    | Found a runed translucent gate.
 41641 | Elf:2    | Found a runed translucent gate.
 41995 | Elf:3    | Entered Level 3 of the Elven Halls
 42084 | Elf:3    | Reached skill level 21 in Dodging
 42295 | Elf:3    | Found the +7 Spriggan's Knife {stab, EV+4 Stlth+}
 42295 | Elf:3    | Identified the +1 flail of the Fool {pain, rPois}
 42333 | Elf:3    | Got a shimmering gem with 96 turns to spare
 42381 | Elf:3    | Got Onusot's Incunabulum of the Entourage and Chilblains
 42480 | Elf:3    | Identified the +6 scale mail "Movuo" {rElec rPois Slay-5
                  | Stlth+}
 42857 | Elf:3    | Found a shimmering altar of Xom.
 43429 | Crypt:1  | Entered Level 1 of the Crypt
 43882 | Crypt:1  | Reached XP level 25. HP: 151/151 MP: 29/29
 44144 | Crypt:1  | Noticed Margery
 44159 | Crypt:1  | Killed Margery
 44449 | Crypt:1  | Found a shadowy altar of Dithmenos.
 44682 | Crypt:2  | Found an ancient bone altar of Kikubaaqudgha.
 44910 | Crypt:2  | Identified the ring "Kyoto" {Str+6 Slay+4}
 44975 | Crypt:1  | Found a basalt altar of Yredelemnul.
 45220 | Crypt:3  | Entered Level 3 of the Crypt
 45220 | Crypt:3  | Found a basalt altar of Yredelemnul.
 45507 | Crypt:3  | Identified the +4 morningstar of Cieckiam {holy, rElec
                  | rCorr Str+4}
 45720 | Crypt:3  | Identified the +4 morningstar "Nagefoom" {venom, rC+ MP+9
                  | Int+4 Stlth+}
 45796 | Crypt:3  | Reached skill level 22 in Dodging
 46063 | Crypt:3  | Found a staircase to the Tomb.
 46655 | Crypt:3  | Identified the +4 shortbow "Wutiolobu" {speed, Will+}
 47178 | Depths:3 | Voluntarily entered the Abyss.
 47184 | Abyss:1  | Found a corrupted altar of Lugonu.
 47201 | Abyss:1  | Found a corrupted altar of Lugonu.
 47213 | Abyss:1  | Found a corrupted altar of Lugonu.
 47340 | Abyss:2  | Found a corrupted altar of Lugonu.
 47377 | Abyss:2  | Found a corrupted altar of Lugonu.
 47458 | Abyss:2  | Found a corrupted altar of Lugonu.
 47470 | Abyss:3  | Found a corrupted altar of Lugonu.
 47484 | Abyss:3  | Found a corrupted altar of Lugonu.
 47740 | Abyss:3  | Found a glowing golden altar of the Shining One.
 47773 | Abyss:3  | Noticed a juggernaut
 47788 | Abyss:3  | Killed a juggernaut
 47794 | Abyss:3  | Got an abyssal rune of Zot
 47810 | Depths:3 | Escaped the Abyss
 47900 | Zot:1    | Entered Level 1 of the Realm of Zot
 47917 | Zot:1    | Reached XP level 26. HP: 147/159 MP: 29/29
 47937 | Zot:1    | Noticed a Killer Klown
 47967 | Zot:1    | Killed a Killer Klown
 48212 | Zot:1    | Identified the granite talisman of Yesterday {rC+ rN+
                  | Dex+3}
 48273 | Zot:1    | Noticed an orb of fire
 48275 | Zot:1    | Noticed a Killer Klown
 48284 | Zot:1    | Killed an orb of fire
 48288 | Zot:1    | Killed a Killer Klown
 48352 | Zot:1    | Noticed an orb of fire
 48361 | Zot:1    | Killed an orb of fire
 48426 | Zot:1    | HP: 9/238 [quicksilver dragon (10)]
 48426 | Zot:1    | Slain by a quicksilver dragon

Illustrated notes

Levels and vault maps discovered:
D:1:      erik_arrival_triangle_medium, layout_loops_ring,
          hellmonk_ecumenical_altar_lost_god
D:2:      layout_basic, minmay_heptomino_w4, uniq_terence
D:3:      layout_basic, mainiacjoe_overflow_catwalk, fedhas_altar_3,
          minmay_pentangle, uniq_natasha
D:4:      layout_basic, serial_shops, shop, wad_orctagon, uniq_grinder
D:5:      layout_gridville, kennysheep_generic_room_4, uniq_prince_ribbit1,
          uniq_duvessa
D:6:      layout_rooms, uniq_blork_the_orc
D:7:      minmay_inner_zag, layout_rooms, minmay_temple_entry_hall,
          minmay_misc_feat_more_columns, minmay_fractal_squares_5
D:8:      layout_loops_cross, nicolae_hepliaklqana_monster_ancestors,
          lair_entry_dummy, serial_shops, shop, nicolae_shop_tiny_statue_garden
D:9:      layout_cave_pools, grunt_temple_overflow_open, serial_shops,
          nicolae_shop_getting_attention, uniq_gastronok, uniq_joseph
D:10:     layout_roguey, nicolae_shop_i_like_big_books, uniq_grum, uniq_maurice
D:11:     layout_long_grid, nicolae_titane, uniq_nergalle, uniq_lodul,
          uniq_erica
D:12:     layout_layer_cave, orc_0_dummy, vehumet_statue, uniq_jorgrun,
          uniq_snorg
D:13:     layout_loops_ring, erik_vaults_2
D:14:     layout_cross, minmay_misc_feat_tiny, kennysheep_generic_room_16
D:15:     grunt_enter_depths_hoard, layout_loops_cross, serial_shops, shop,
          nicolae_ashenzari_skybound, chequers_serial_rivers_small_b,
          lemuel_zombie_altar_kikubaaqudgha, uniq_louise
Temple:   nicolae_temple_ecumenical_triangle
Lair:1:   layout_roguey, serial_forest, infiniplex_forest_fountain,
          infiniplex_forest_clump_cross, infiniplex_forest_clump_tiny,
          infiniplex_forest_straight_2, infiniplex_forest_clump_tiny,
          infiniplex_forest_end_2, infiniplex_forest_3_way,
          serial_bayou_shore_b, lemuel_fruit_tree, serial_bayou_shore_a
Lair:2:   layout_hall_layers, elwin_shoals_entry_rocks, dummy_spider_entry,
          ebering_ghost_reflecting_pool
Lair:3:   layout_chaotic_city, uniq_rupert
Lair:4:   layout_hall_layers, dpeg_slime_entry_corner, serial_bayou_shore_b,
          uniq_josephine, uniq_nessos
Lair:5:   minmay_lair_end_frog_pond, layout_layer_cave, uniq_sonja
Shoals:1: layout_shoals, nicolae_shoals_abyss_on_the_beach, uniq_nikola
Shoals:2: layout_shoals, uniq_ilsuiw
Shoals:3: layout_shoals, uniq_mlioglotl
Shoals:4: shoals_end_hangedman, layout_shoals, nicolae_shoals_land_atoll,
          uniq_polyphemus
Spider:1: layout_spider_delve, nicolae_spider_twisty_arc_passages
Spider:2: layout_spider_delve, drop_trap, uniq_azrael
Spider:3: nicolae_spider_hilbert_zone_7 [nicolae_spider_hilbert_4_sides_1_open,
          nicolae_spider_hilbert_4_sides_1_open,
          nicolae_spider_hilbert_4_sides_1_open,
          nicolae_spider_hilbert_4_sides_1_open,
          nicolae_spider_hilbert_3_sides_1_open,
          nicolae_spider_hilbert_3_sides_1_open,
          nicolae_spider_hilbert_3_sides_1_open,
          nicolae_spider_hilbert_3_sides_1_open,
          nicolae_spider_hilbert_4_sides_1_open,
          nicolae_spider_hilbert_4_sides_1_open,
          nicolae_spider_hilbert_4_sides_1_open,
          nicolae_spider_hilbert_2_sides_1_open,
          nicolae_spider_hilbert_2_sides_1_open,
          nicolae_spider_hilbert_2_sides_1_open,
          nicolae_spider_hilbert_2_sides_1_open,
          nicolae_spider_hilbert_2_sides_1_open,
          nicolae_spider_hilbert_2_sides_1_open]
Spider:4: hellmonk_spider_rune_bug_friends
Orc:1:    layout_caves, serial_shops, nicolae_shop_real_fake_doors
Orc:2:    st_orc_open, layout_caves, serial_shops, bzr_entry_safe,
          einodemon_armed_red_devil_minivault
Elf:1:    elf_arrival_002, layout_loops_ring, basic_altar,
          minmay_elf_annihilation, minmay_shop_star
Elf:2:    nicolae_elf_blades_crystal_corner, layout_loops_corners,
          portal_desolation_entry_ruin, grunt_ministairs_1
Elf:3:    elf_hall, layout_loops_corners, basic_altar
Vaults:1: nicolae_vaults_theta, nicolae_vaults_mitosis,
          nicolae_vaults_network_barrier, vaults_room_boxed,
          ontoclasm_vaults_pinch, nicolae_vaults_ellipses_ellipsis,
          hangedman_vaults_variations, hangedman_vaults_corner,
          nicolae_vaults_tetromino_Z_1, nicolae_vaults_offset_grid_hallway_4,
          nicolae_vaults_little_squares_4, layout_vaults_maze_bifur, uniq_aizul
Vaults:2: nicolae_vaults_diamond_2, nicolae_vaults_mush_room,
          minmay_crypt_entry_simple_corners, vaults_room_stairs_pillars,
          nicolae_vaults_surprise_closet, layout_vaults_quadrants
Vaults:3: ontoclasm_vaults_idyll, v_misc_25, hangedman_vaults_pinch,
          nicolae_vaults_trapezoid_2, nicolae_vaults_storage_closets_1,
          nicolae_vaults_trapezoid_layered, nicolae_vaults_variable_pillar_hall,
          nicolae_vaults_whirlpool_walls, v_misc_17,
          nicolae_vaults_double_plus_3, vaults_room_grunt_arrival_checkpoint,
          v_alt_pattern_5, nicolae_vaults_circle_grid_a, layout_vaults_ring
Vaults:4: nicolae_vaults_shrinking_rooms_1, ontoclasm_vaults_tryst,
          nicolae_vaults_octothorpe, hangedman_vaults_stitches, v_misc_33,
          nicolae_vaults_little_squares_1, ontoclasm_vaults_eye,
          hangedman_vaults_stagger, nicolae_vaults_trapezoid_4,
          vaults_mumra_minichess, nicolae_vaults_diamond_2,
          nicolae_vaults_branching_niches, layout_vaults_omnibox, uniq_xtahua
Crypt:1:  layout_gridlike, nicolae_nh_vlads_tower, grunt_megastairs_4,
          grunt_crypt_arrival_webbed, lemuel_upstairs_altar, uniq_margery
Crypt:2:  layout_basic, basic_altar, grunt_megastairs_2
Crypt:3:  evilmike_haunted_forest, uniq_josephina
Depths:1: layout_forbidden_donut, nicolae_ru_sacrificial_ziggurat,
          nicolae_hell_entry_hellmouth_sunbeams, kennysheep_generic_room_12
Depths:2: grunt_profane_halls [grunt_profane_loot, grunt_profane_temple_coc,
          grunt_profane_temple_geh, grunt_profane_temple_dis,
          grunt_profane_temple_tar], pan_entry, hell_entry
Depths:3: gammafunk_depths_water_palace, layout_cave_shapes,
          grunt_hell_entry_dis_old, hangedman_abyss_entry_splay, serial_shops,
          kennysheep_mini_moat, hangedman_decor_diamond_cutter
Depths:4: evilmike_zot_entry_round, layout_gridville, hell_entry,
          hangedman_abyss_or_decor_lesser_grid, minmay_misc_feat_four_crosses,
          minmay_shop_grid_forest, chequers_serial_rivers_micro_d,
          serial_bayou_pond_d, kennysheep_random_hallway
Zot:1:    layout_onion_interference, hangedman_player_shredder

Skill      XL: |  1  2  3  4  5  6  7  8  9 10 11 12 13 14 15 16 17 18 19 20 21 22 23 24 25 |
---------------+----------------------------------------------------------------------------+-----
Long Blades    | 3 4 6 8 11 14 15 16 17 18 19 20 21 | 21.2
Armour         | 4 5 7 9 10 11 13 14 15 16 17 19 | 19.5
Fighting       | 4 5 7 8 10 11 12 13 14 15 16 17 18 19 20 21 | 21.5
Dodging        | 1 4 6 8 9 11 12 13 14 15 17 18 19 20 21 22 | 22.1
Shields        | 5 6 8 9 10 11 12 13 14 15 17 18 19 20 21 | 21.3
Invocations    | 1 4 6 7 |  7.0
Evocations     | 7 10 13 | 13.3

Action                     |  1- 3 |  4- 6 |  7- 9 | 10-12 | 13-15 | 16-18 | 19-21 | 22-24 | 25-27 || total
---------------------------+-------+-------+-------+-------+-------+-------+-------+-------+-------++-------
  Melee: Long sword        |    61 |    29 |       |       |       |       |       |       |       ||    90
         Kick              |    14 |    23 |    72 |   176 |   372 |   429 |   686 |   785 |   379 ||  2936
         Peck              |    10 |    12 |    31 |   115 |   224 |   284 |   463 |   496 |   232 ||  1867
         Falchion          |       |    41 |   239 |    91 |       |       |       |       |       ||   371
         Great sword       |       |     8 |       |       |       |       |       |       |       ||     8
         Double sword      |       |       |       |   402 |   811 |   675 |  1261 |   395 |   376 ||  3920
         Unarmed           |       |       |       |     5 |     7 |       |       |       |       ||    12
         Scimitar          |       |       |       |       |   116 |   251 |       |       |       ||   367
         Demon blade       |       |       |       |       |       |       |       |  1035 |   300 ||  1335
  Throw: Boomerang         |       |       |     4 |       |       |       |       |       |       ||     4
         Dart              |       |       |       |     2 |       |       |       |       |       ||     2
         Javelin           |       |       |       |       |     1 |       |       |       |       ||     1
 Invoke: Ancestor Identity |       |       |       |     1 |       |       |       |       |       ||     1
         Ancestor Life: He |       |       |       |     1 |       |       |       |       |       ||     1
         Idealise          |       |       |       |       |     1 |     1 |     1 |     1 |     1 ||     5
         Recall Ancestor   |       |       |       |       |       |     1 |       |     2 |     4 ||     7
  Evoke: Wand              |       |       |       |     1 |    14 |     2 |       |       |       ||    17
         Box of beasts     |       |       |       |       |       |     1 |     1 |     1 |       ||     3
         Condenser vane    |       |       |       |       |       |     1 |       |       |       ||     1
    Use: Potion            |       |     1 |     4 |     2 |     6 |    10 |     3 |    10 |     3 ||    39
         Scroll            |       |       |    14 |     8 |     6 |     5 |     1 |     4 |    11 ||    49
   Stab: Invisible         |       |       |     2 |       |       |       |       |       |       ||     2
         Distracted        |       |       |       |     2 |    17 |    14 |    22 |    30 |    16 ||   101
         Confused          |       |       |       |     5 |    25 |    19 |   108 |    85 |    43 ||   285
         Petrifying        |       |       |       |       |     2 |       |       |       |       ||     2
         Petrified         |       |       |       |       |     2 |       |       |       |       ||     2
         Paralysed         |       |       |       |       |    39 |    50 |   116 |    80 |    31 ||   316
         Sleeping          |       |       |       |       |       |     8 |     5 |     1 |       ||    14
 Armour: Scale mail        |    29 |    48 |   107 |   139 |    82 |       |       |       |       ||   405
         Skin              |       |       |       |     1 |     4 |       |       |       |       ||     5
         Acid dragon scale |       |       |       |       |    81 |    86 |   169 |   123 |       ||   459
         Leather armour    |       |       |       |       |       |   136 |    87 |       |       ||   223
         Storm dragon scal |       |       |       |       |       |       |       |   228 |    74 ||   302
         Gold dragon scale |       |       |       |       |       |       |       |       |    84 ||    84
  Dodge: Dodged            |    33 |    23 |   142 |   278 |   535 |   744 |   914 |   902 |   330 ||  3901
  Block: Buckler           |    11 |     5 |    35 |   153 |   343 |   435 |   572 |   699 |   335 ||  2588
         Reflection        |       |       |       |     8 |    29 |    35 |    41 |    79 |    22 ||   214
